 Dungeon Crawl Stone Soup version 0.24-a0-736-g4e6fe308c7 (webtiles) character file.

Game seed: 1549015229808408112, levelgen mode: deterministic

12 Kohma the Conjurer (level 2, -5/22 HPs)
             Began as a Draconian Conjurer on Oct 2, 2019.
             Slain by a kobold
             ... wielding a +0 long sword of electrocution
              (7 damage)
             ... on level 2 of the Dungeon.
             The game lasted 00:02:54 (794 turns).

Kohma the Conjurer (Draconian Conjurer)              Turns: 794, Time: 00:02:54

Health: -5/22      AC:  5    Str: 10    XL:     2   Next: 20%
Magic:  4/5        EV: 12    Int: 17    God:
Gold:   68         SH:  0    Dex: 11    Spells: 2/5 levels left

rFire    . . .     SeeInvis .   o - +0 hunting sling
rCold    . . .     Gourm    .   (no shield)
rNeg     . . .     Faith    .   (armour unavailable)
rPois    .         Spirit   .   (helmet restricted)
rElec    .         Reflect  .   f - +0 cloak
rCorr    .         Harm     .   (no gloves)
MR       .....                  (no boots)
Stlth    ++........             (no amulet)
HPRegen  0.07/turn              r - +2 ring of intelligence
MPRegen  0.09/turn              (no ring)

@: no status effects
A: unfitting armour, cold-blooded, AC +4
a: no special abilities


You were on level 2 of the Dungeon.
You were not hungry.

You visited 1 branch of the dungeon, and saw 2 of its levels.

You collected 68 gold pieces.

Inventory:

Hand Weapons
 e - a +0 spear
 o - a +0 hunting sling (weapon)
Missiles
 c - 25 bolts
 d - 91 arrows
 j - 5 poisoned darts
 k - 11 stones (quivered)
Armour
 f - a +0 cloak (worn)
Jewellery
 l - an uncursed amulet of guardian spirit
 r - a +2 ring of intelligence (left hand)
Scrolls
 a - a scroll of fear {unknown}
 g - a scroll of identify {unknown}
 h - a scroll of teleportation {unknown}
 i - a scroll of blinking {unknown}
Potions
 m - a potion of cancellation {unknown}
 n - a potion of curing {unknown}
 p - a potion of might {unknown}
Comestibles
 b - 3 rations
 q - 7 chunks of flesh


   Skills:
 + Level 0.8 Fighting
 - Level 1.7 Dodging
 - Level 1.7 Stealth
 + Level 2.2 Spellcasting
 * Level 4.3 Conjurations


You had 2 spell levels left.
You knew the following spells:

 Your Spells              Type           Power        Failure   Level  Hunger
a - Magic Dart            Conj           ###.         3%          1    #......
b - Searing Ray           Conj           ###...       4%          2    ###....

Your spell library contained the following spells:

 Spells                   Type           Power        Failure   Level  Hunger
 Dazzling Spray           Conj/Hex       #.....       24%         3    ###....
 Iskenderun's Mystic Bla  Conj           ###.....     32%         4    #####..
 Force Lance              Conj/Tloc      #.......     61%         4    #####..
 Fulminant Prism          Conj/Hex       #.........   61%         4    #####..


Dungeon Overview and Level Annotations

Branches:
Dungeon (2/15)

Altars:


Innate Abilities, Weirdness & Mutations

Your plain brown scales are hard. (AC +4)
You cannot fit into any form of body armour.
You are cold-blooded and may be slowed by cold attacks.


Message History

Confirm with . or Enter, or press ? or * to list all spells.
You don't know that spell.
You climb upwards.
There is a stone staircase leading down here.
You start resting.
Magic restored.
You climb downwards.
The kobold hits you with a +0 long sword of electrocution.
You are electrocuted!
Ouch! That really hurt!
* * * LOW HITPOINT WARNING * * *
There is a stone staircase leading up, spattered with blood here.
Casting: Magic Dart (safe; 3% risk of failure)
Confirm with . or Enter, or press ? or * to list all spells.
Aiming: Magic Dart (safe; 3% risk of failure)
Press: ? - help, Shift-Dir - straight line, f - kobold
Aim: a kobold, wielding a +0 long sword of electrocution The magic dart hits the kobold but does no damage.
The kobold hits you with a +0 long sword of electrocution!
You die...

#...## #.(.( #....
### ###...###..####
.###.............#.
.$.................
#..............#
...#...รท......###..
#....K@))...##
...#....)....#
...............#
##.###..........# #
#########.... .8...
#..8. ....


You could see a kobold.

Vanquished Creatures
  A ball python (D:1)
  A giant cockroach (D:1)
  2 goblins
  2 hobgoblins
  A kobold (D:2)
  2 bats
  2 rats (D:1)
11 creatures vanquished.

Notes
Turn   | Place    | Note
-------+----------+-------------------------------------------
     0 | D:1      | Kohma the Draconian Conjurer began the quest for the Orb.
     0 | D:1      | Reached XP level 1. HP: 14/14 MP: 3/3
   619 | D:2      | Reached XP level 2. HP: 22/22 MP: 1/5
   682 | D:2      | Learned a level 2 spell: Searing Ray
   794 | D:2      | Slain by a kobold

Levels and vault maps discovered:
D:1:      roderic_crop_circles_arrival_small, layout_loops_ring
D:2:      layout_rooms, grunt_temple_overflow_growth_and_decay, zin_statuary,
          nicolae_overflow_hidden_temple, trog_butcher_becter

Action                   || total
-------------------------++-------
Melee: Spear             ||     6
       Tailslap          ||     1
 Fire: Hunting sling     ||     3
 Cast: Magic Dart        ||    16
Armor: Skin              ||     3
Dodge: Dodged            ||     7

Table legend:
 A = Non-vault XP
 B = Vault XP
 C = Vault XP percentage of total XP
 D = Non-vault monster count
 E = Vault monster count
 F = Vault count percentage of total count
                 A         B        C        D         E       F
            +---------+---------+-------+---------+---------+-------
      Total |      18 |       0 |   0.0 |      11 |       0 |   0.0
            +---------+---------+-------+---------+---------+-------
        D:1 |      11 |       0 |   0.0 |       7 |       0 |   0.0
        D:2 |       7 |       0 |   0.0 |       4 |       0 |   0.0
            +---------+---------+-------+---------+---------+-------
